Map: Berlingrad LE

Players

KriXuS

  • Race: Terran Terran
  • League: Master
  • Spawn Location: 11:00

CareAgain - Winner!

  • Race: Zerg Zerg
  • League: Master
  • Spawn Location: 5:00

VOD

Have the link to the VOD?

Description

Time

  • Played on: March 19, 2022, 2:52 p.m.
  • Length: 9:29
Show
View Real Time Build Order
Export as new Build Order

KriXuS Terran 

Build Orders: Reaper Expand 

Get SALT Encoding   

  12  0:00  SCV  
  13  0:12  SCV  
  14  0:17  Supply Depot  
  14  0:24  SCV  
  15  0:38  SCV  
  15  0:40  Barracks  
  16  0:43  Refinery  
  16  0:52  SCV  
  17  1:04  SCV  
  18  1:17  SCV  
  19  1:27  Reaper  
  19  1:29  Orbital Command  
  20  1:44  Command Center  
  20  1:55  SCV  
  20  1:57  Supply Depot  
  20  1:59  Marine  
  22  2:07  SCV  
  23  2:12  Factory  
  23  2:22  Barracks Reactor  
  23  2:25  SCV  
  24  2:37  SCV  
  24  2:43  Refinery  
  25  2:50  SCV  
  26  2:59  Starport  
  26  3:02  SCV  
  26  3:04  Orbital Command  
  27  3:09  Hellion  
  27  3:10  Hellion  
  27  3:12  Barracks Tech Lab  
  31  3:21  SCV  
  32  3:31  Hellion  
  32  3:32  SCV, Hellion  
  32  3:33  SCV  
  38  3:38  Marine  
  38  3:39  Viking  
  41  3:42  Supply Depot  
  41  3:44  SCV  
  41  3:46  SCV  
  43  3:56  Marine, SCV  
  43  3:58  SCV  
  43  4:02  Stimpack  
  46  4:04  Hellion x2  
  46  4:08  SCV  
  51  4:10  SCV  
  51  4:14  Marine  
  53  4:18  Starport Reactor  
  53  4:20  SCV  
  54  4:24  Supply Depot  
  54  4:39  Command Center  
  54  4:46  SCV x2, Hellion x2  
  54  4:48  Marine, Supply Depot  
  61  4:56  Barracks  
  61  4:58  SCV  
  61  4:59  Barracks  
  62  5:02  Starport Reactor  
  62  5:06  Engineering Bay  
  62  5:07  Engineering Bay  
  62  5:10  SCV x2  
  64  5:19  Refinery  
  64  5:20  Refinery  
  64  5:22  SCV x2  
  64  5:25  Marine  
  67  5:34  SCV  
  68  5:38  SCV  
  64  5:42  Marine  
  64  5:46  SCV  
  58  5:51  SCV  
  58  5:52  Orbital Command  
  55  5:58  SCV  
  55  5:59  Barracks x2  
  55  6:00  Combat Shield, Factory  
  55  6:02  Marine x3  
  55  6:03  SCV  
  60  6:04  Marine, Factory Reactor  
  60  6:10  SCV  
  62  6:11  Marine  
  62  6:13  Medivac x2  
  62  6:14  Terran Infantry Armor Level 1, Terran Infantry Weapons Level 1  
  62  6:16  SCV  
  68  6:20  Marine x2  
  68  6:22  SCV  
  68  6:24  Marine x2  
  73  6:29  Marine  
  74  6:33  SCV, Armory  
  74  6:37  Marine  
  77  6:40  Marine, SCV x2  
  77  6:42  Marine, Widow Mine  
  77  6:45  SCV, Factory Tech Lab  
  83  6:47  Supply Depot  
  83  6:51  Barracks Reactor  
  83  6:52  SCV, Barracks Reactor  
  83  6:53  Orbital Command  
  84  6:56  Marine  
  85  7:08  Marine x4, Supply Depot  
  85  7:10  Widow Mine x2  
  93  7:29  Marine x2, Medivac x2  
  101  7:30  SCV x2  
  101  7:50  SCV x2  
  101  7:51  SCV  
  101  7:52  Widow Mine x2  
  101  7:57  Marine  
  101  7:58  Marine x4  
  101  8:11  Command Center  
  101  8:13  Supply Depot x3  
  101  8:17  Supply Depot  
  101  8:22  Marine x9, SCV, Medivac x2  
  101  8:23  SCV x2  
  117  8:34  SCV  
  117  8:35  Widow Mine x3, SCV x2  
  117  8:40  Marine x4  
  117  8:41  Marine x2  
  131  8:42  Marine  
  131  8:47  SCV x2  
  103  9:06  Marine x7  
Show
View Real Time Build Order
Export as new Build Order

CareAgain Zerg - Winner!

Build Orders: Hatch First 

Get SALT Encoding   

  12  0:00  Drone  
  13  0:12  Overlord  
  13  0:16  Drone  
  14  0:31  Drone x2  
  16  0:48  Hatchery  
  15  0:51  Drone  
  15  0:54  Drone  
  17  0:57  Drone  
  18  1:08  Extractor  
  17  1:13  Spawning Pool  
  16  1:18  Drone  
  16  1:19  Drone  
  18  1:27  Drone  
  19  1:38  Drone  
  20  1:49  Drone  
  21  1:59  Queen  
  21  2:00  Queen  
  25  2:01  Zergling x2  
  25  2:02  Zergling x2  
  27  2:17  Hatchery, Overlord  
  26  2:33  Spore Crawler  
  26  2:39  Queen  
  26  2:40  Overlord  
  26  2:41  Drone x3  
  31  2:45  Drone  
  31  2:49  Metabolic Boost  
  32  2:54  Drone x2  
  33  3:05  Drone x3  
  36  3:14  Drone x4  
  40  3:24  Queen  
  42  3:28  Drone  
  42  3:30  Queen  
  45  3:36  Drone x4  
  45  3:41  Overlord  
  49  3:50  Overlord x2  
  49  3:57  Extractor  
  49  3:58  Drone  
  49  3:59  Drone x6  
  49  4:01  Drone x2  
  57  4:17  Zergling x12  
  57  4:23  Drone x3  
  66  4:32  Overlord x2  
  66  4:41  Overlord x2  
  66  4:50  Queen x2  
  70  4:53  Evolution Chamber x2  
  70  4:56  Drone x7  
  75  5:02  Zergling x4  
  75  5:06  Hatchery, Baneling Nest  
  75  5:08  Spore Crawler  
  75  5:09  Spore Crawler  
  75  5:10  Spore Crawler  
  75  5:11  Zergling x4  
  74  5:23  Zergling x18  
  83  5:32  Drone x5  
  83  5:34  Drone  
  85  5:44  Drone x3  
  85  5:45  Drone x4  
  85  5:48  Queen  
  85  5:49  Queen x2  
  89  5:53  Zerg Melee Weapons Level 1  
  89  5:54  Drone x2  
  89  5:56  Extractor  
  90  6:08  Drone x9  
  97  6:17  Drone x5  
  102  6:25  Lair  
  102  6:32  Spore Crawler  
  101  6:33  Hatchery  
  101  6:35  Zerg Ground Armor Level 1  
  101  6:36  Zergling x8  
  101  6:39  Overlord x6  
  104  6:55  Overlord  
  104  6:57  Queen x3  
  104  6:58  Zergling x8  
  114  7:04  Hatchery, Zergling x14  
  119  7:19  Extractor  
  119  7:20  Zergling x2  
  119  7:21  Zergling x18  
  128  7:28  Overlord x2  
  128  7:29  Zergling x8  
  131  7:37  Drone  
  131  7:38  Extractor, Drone x2  
  131  7:40  Centrifugal Hooks  
  131  7:42  Zergling x10  
  138  7:50  Zergling x12  
  138  7:57  Zergling x12  
  142  8:06  Overseer, Pneumatized Carapace  
  142  8:07  Overseer x2  
  142  8:20  Zergling x30  
  142  8:23  Zergling x8  
  161  8:28  Spore Crawler  
  161  8:33  Baneling x10  
  161  8:34  Baneling x7  
  158  8:47  Zergling x22  
  129  8:57  Zergling x14  
  118  9:05  Zergling x8  
  118  9:06  Zergling x6  
  119  9:12  Zergling x8  
Tags
 
Add a new tag
Caveats
  • Supply blocks, unpowered buildings, or Contaminate may cause inaccurate times.
  • Supply counts are checked every 10 seconds.